 Dungeon Crawl Stone Soup version 0.30.0-29-ga12c61a403 (webtiles) character file.

Game seed: 3168245965956854393

78 safid the Chiller (level 4, 0/33 HPs)
             Began as a Merfolk Ice Elementalist on June 8, 2023.
             Killed from afar by Natasha (10 damage)
             ... with a magic dart
             ... on level 2 of the Dungeon.
             The game lasted 00:03:00 (1324 turns).

safid the Chiller (Merfolk Ice Elementalist)        Turns: 1324, Time: 00:03:00

Health: 0/33       AC:  4    Str:  8    XL:     4   Next: 36%
Magic:  4/8        EV: 12    Int: 16    God:
Gold:   72         SH:  0    Dex: 14    Spells: 1/8 levels left

rFire   . . .        d - +0 short sword
rCold   . . .        (no shield)
rNeg    . . .        a - +0 robe
rPois   .            (no helmet)
rElec   .            (no cloak)
rCorr   .            j - +1 pair of gloves
SInv    .            (no boots)
Will    .....        (no amulet)
Stlth   ++           (no ring)
HPRegen 0.25/turn    (no ring)
MPRegen 0.11/turn

%: no passive effects
@: no status effects
A: (nimble swimmer 2), mertail
a: no special abilities


You were on level 2 of the Dungeon.
You visited 1 branch of the dungeon, and saw 2 of its levels.

You collected 72 gold pieces.

Inventory:

Hand Weapons
 d - a +0 short sword (weapon)
Armour
 a - a +0 robe (worn)
 j - a +1 pair of gloves (worn)
Scrolls
 c - 2 scrolls of teleportation {unknown}
 f - a scroll of enchant armour {unknown}
Potions
 b - a potion of magic
 e - 2 potions of mutation {unknown}
 g - a potion of berserk rage {unknown}
 h - a potion of haste {unknown}
 i - a potion of attraction {unknown}


   Skills:
 + Level 2.2 Fighting
 - Level 2.6 Dodging
 - Level 2.1 Stealth
 + Level 2.8 Spellcasting
 + Level 5.1 Ice Magic


You had one spell level left.
You knew the following spells:

 Your Spells              Type           Power      Damage    Failure   Level
a - Freeze                Ice            72%        1d8       2%          1
b - Frozen Ramparts       Ice            36%        1d6       7%          3
c - Ozocubu's Armour      Ice            18%        N/A       7%          3

Your spell library contained the following spells:

 Spells                   Type           Power      Damage    Failure   Level
 Summon Ice Beast         Ice/Summ       10%        N/A       54%         4


Dungeon Overview and Level Annotations

Branches:
Dungeon (2/15)

Altars:

Shops:
D:1 :

Annotations:
D:2 Natasha


Innate Abilities, Weirdness & Mutations

((You are very nimble when in or above water. (Stealth+, EV+, Speed+++)))
Your lower body shifts to a powerful aquatic tail in water.


Message History

You are too injured to fight recklessly!
Unknown command.
Casting: Freeze (safe; 2% risk of failure)
Confirm with . or Enter, or press ? or * to list all spells.
Aiming: Freeze (safe; 2% risk of failure)
Press: ? - help, Shift-Dir - straight line, f - cerulean imp
Aim: a cerulean imp, wielding a +1 spear (lightly wounded, summoned)
You freeze the cerulean imp.
The cerulean imp is heavily wounded.
The bat hits you but does no damage. Natasha barely misses you.
The cerulean imp hits you with a +1 spear.
Casting: Freeze (safe; 2% risk of failure)
Confirm with . or Enter, or press ? or * to list all spells.
Aiming: Freeze (safe; 2% risk of failure)
Press: ? - help, Shift-Dir - straight line, f/p - cerulean imp
Aim: a cerulean imp, wielding a +1 spear (heavily wounded, summoned)
You freeze the cerulean imp.
The cerulean imp is severely wounded.
Natasha misses you. The bat hits you but does no damage.
The cerulean imp hits you but does no damage.
Casting: Freeze (safe; 2% risk of failure)
Confirm with . or Enter, or press ? or * to list all spells.
Aiming: Freeze (safe; 2% risk of failure)
Press: ? - help, Shift-Dir - straight line, f/p - cerulean imp
Aim: a cerulean imp, wielding a +1 spear (severely wounded, summoned)
You freeze the cerulean imp!
You kill the cerulean imp!
The cerulean imp disappears in a puff of smoke!
The bat hits you but does no damage. Natasha barely misses you.
Casting: Freeze (safe; 2% risk of failure)
Confirm with . or Enter, or press ? or * to list all spells.
Aiming: Freeze (safe; 2% risk of failure)
Press: ? - help, Shift-Dir - straight line, f - Natasha
Aim: Natasha You freeze Natasha.
Natasha is lightly wounded.
The bat closely misses you. Natasha casts a spell at you.
The magic dart hits you!
You die...

.##........ ..#.#.#...
........#.# #..#.......
........#.# #.#.#.#.#..
.....<..#.####..........
...........##..#.......#
..#....##...............
..##)#.##..###.#.#.....#
..##.#.##..##...§b......
.....#.##......#@#.#...
.........#.###...h#..
.#####.#.#.# #.#.#.#.#
..####.#.#............
.......#.#..####.#####
..###### #. #.# .## #
... ## ####


You could see Natasha and a bat.

Vanquished Creatures
  Natasha (D:2)
  An adder (D:2)
  A dart slug (D:1)
  3 ball pythons
  5 endoplasms
  2 giant cockroaches (D:1)
  7 goblins
  5 hobgoblins (D:1)
  A quokka (D:1)
  6 bats
  2 frilled lizards (D:1)
  3 kobolds
  3 rats
40 creatures vanquished.

Notes
Turn   | Place    | Note
-------+----------+-------------------------------------------
     0 | D:1      | safid the Merfolk Ice Elementalist began the quest for the
                  | Orb.
     0 | D:1      | Reached XP level 1. HP: 13/13 MP: 3/3
   251 | D:1      | Reached XP level 2. HP: 20/20 MP: 3/5
   260 | D:1      | Reached skill level 1 in Fighting
   543 | D:1      | Reached XP level 3. HP: 26/26 MP: 4/6
   621 | D:1      | Found Itzor's Book Shop.
  1027 | D:1      | Learned a level 3 spell: Frozen Ramparts
  1031 | D:1      | Learned a level 3 spell: Ozocubu's Armour
  1064 | D:2      | Noticed Natasha
  1072 | D:2      | Killed Natasha
  1073 | D:2      | Reached skill level 5 in Ice Magic
  1073 | D:2      | Reached XP level 4. HP: 24/33 MP: 3/8
  1309 | D:2      | Noticed Natasha
  1324 | D:2      | Killed from afar by Natasha

Illustrated notes

Levels and vault maps discovered:
D:1:      dpeg_arrival_round_a, layout_basic, serial_shops, shop, st_stairs_12,
          reono_crystal_passage, interstate_on_off
D:2:      layout_loops_ring, minmay_misc_feat_more_columns,
          nrook_mini_backslash, hangedman_decor_riveting, uniq_natasha,
          uniq_terence

Skill      XL: |  1  2  3 |
---------------+----------+-----
Fighting       | 1 2 |  2.2
Ice Magic      | 5 |  5.1
Dodging        | |  2.6
Stealth        | |  2.1
Spellcasting   | |  2.8

Action                     |  1- 3 |  4- 6 || total
---------------------------+-------+-------++-------
  Melee: Unarmed           |     5 |       ||     5
         Short sword       |    47 |    33 ||    80
   Cast: Freeze            |    29 |    10 ||    39
   Stab: Sleeping          |     3 |     2 ||     5
 Armour: Robe              |    18 |    23 ||    41
  Dodge: Dodged            |    45 |    28 ||    73
